 Dungeon Crawl Stone Soup version 0.31-a0-971-g75a2e9a4b4 (webtiles) character file.

Game seed: 4400356194708440380

1922 Fama the Cudgeller (level 8, 0/77 (83) HPs)
             Began as a Troll Berserker on Oct 28, 2023.
             Was an Elder of Trog.
             Slain by a wight
             ... wielding a +3 flail
              (10 damage)
             ... on level 6 of the Dungeon.
             The game lasted 00:08:45 (4401 turns).

Fama the Cudgeller (Troll Berserker)                Turns: 4401, Time: 00:08:46

HP:   0/77 (83)     AC:  4    Str: 28    XL:     8   Next: 96%
MP:   7/7           EV: 16    Int:  3    God:    Trog [****..]
Gold: 361           SH:  0    Dex:  9    Spells: 7/7 levels left

rFire   . . .        H - +3 flail
rCold   . . .        (no shield)
rNeg    . . .        b - +0 animal skin
rPois   .            (helmet restricted)
rElec   .            (no cloak)
rCorr   .            (gloves unavailable)
SInv    .            (boots unavailable)
Will    +....        v - amulet of faith
Stlth   +            f - +5 ring of evasion
HPRegen 1.12/turn    (no ring)
MPRegen 0.10/turn

%: faith
@: on berserk cooldown, slowed, drained, very slow
A: large, unfitting armour, claws 3, regeneration 1, shaggy fur 1, tough skin 1,
antennae 1, talons 1, strong-willed 1, sense surroundings 1
a: Renounce Religion, Berserk, Trog's Hand, Brothers in Arms


You were on level 6 of the Dungeon.
You worshipped Trog.
Trog was greatly pleased with you.
You visited 1 branch of the dungeon, and saw 6 of its levels.
You also visited: Ossuary.

You collected 361 gold pieces.

Inventory:

Hand Weapons
 a - a +0 mace
 h - a +0 flail
 o - a +1 whip of electrocution
 H - a +3 flail (weapon)
Missiles
 d - 12 poisoned darts
 I - a curare-tipped dart
Armour
 b - a +0 animal skin (worn)
Jewellery
 f - a +5 ring of evasion (left claw)
 v - an amulet of faith (around neck)
Wands
 u - a wand of roots (8)
 y - a wand of flame (27)
Scrolls
 e - a scroll of poison {unknown}
 g - 4 scrolls of noise
 j - 2 scrolls of identify {unknown}
 n - a scroll of vulnerability {unknown}
 r - 2 scrolls of amnesia
 s - a scroll of blinking {unknown}
 w - a scroll of enchant armour {unknown}
 x - a scroll of revelation {unknown}
 B - a scroll of immolation {unknown}
 C - 4 scrolls of teleportation {unknown}
 E - a scroll of enchant weapon {unknown}
 G - 2 scrolls of fear {unknown}
Potions
 c - a potion of degeneration {unknown}
 k - a potion of brilliance {unknown}
 l - 2 potions of mutation
 m - 3 potions of enlightenment {unknown}
 p - 2 potions of heal wounds {unknown}
 q - 3 potions of lignification {unknown}
 t - 2 potions of attraction {unknown}
 z - 6 potions of curing {unknown}
 A - a potion of magic {unknown}
 D - a potion of invisibility {unknown}
 F - a potion of resistance {unknown}


   Skills:
 * Level 6.2 Fighting
 * Level 6.7 Maces & Flails
 * Level 6.1 Dodging


You had 7 spell levels left.
You didn't know any spells.
Your spell library was empty.

Dungeon Overview and Level Annotations

Branches:
Dungeon (6/15)            Ossuary (visited)
 Temple: D:4-7

Altars:
Kikubaaqudgha
Yredelemnul
Zin

Annotations:
D:6 2 transporters, asdu's ghost, novice OpWr


Innate Abilities, Weirdness & Mutations

You are too large for most types of armour.
You have claws for hands.
Your natural rate of healing is unusually fast.
You are covered in fur. (AC +1)
You have tough skin. (AC +1)
You have a pair of small antennae on your head.
You have sharp toenails.
You are strong-willed. (Will+)
You passively map a small area around you.


Message History

The wight hits you with a +4 war axe of freezing!
The wight freezes you.
The wight hits you with a +3 morningstar!
You sock the wight!
You destroy the wight!
Trog accepts your kill. The wight completely misses you.
You sock the wight! You claw the wight.
You destroy the wight!
Trog accepts your kill.
Your life force feels restored. 2 wights come into view.
Items here: )) [[.
Found a scroll labelled LEEZXUSH EHEUH.
You feel a strong urge to attack something.
Things that are here:
a +3 morningstar; a +0 robe You see here a +0 robe.
You feel your anger nearly subside.
You are no longer berserk.
You are exhausted.
You feel yourself slow down.
Okay, then.
As you read the scroll labelled YRYNOJ RESORPHE, it crumbles to dust.
You hear a loud clanging noise!
It was a scroll of noise.
You hear a shout! x5; You hear an angry hiss.
You hear a croak.
The wight hits you with a +4 hand axe.
You feel drained. The wight hits you with a +3 flail!
You feel drained.
Okay, then.
The wight attacks as it pursues you! The wight hits you with a +4 hand axe.
The wight attacks as it pursues you!
The wight hits you with a +4 hand axe. x2
* * * LOW HITPOINT WARNING * * *
As you read the scroll labelled SEHIYPH TAGUE, it crumbles to dust.
It is a scroll of amnesia.
You feel forgetful for a moment. The wight hits you with a +3 flail!
* * * LOW HITPOINT WARNING * * *
You feel drained.
* * * LOW HITPOINT WARNING * * *
The wight hits you with a +3 flail!
* * * LOW HITPOINT WARNING * * *
It was a potion of mutation.
You feel extremely strange. A pair of antennae grows on your head!
You feel a strange attunement to the structure of the dungeons.
You feel strong-willed.
Your toenails lengthen and sharpen.
The wight barely misses you.
Unknown command.
As you read the scroll labelled KOAXZE AMUHEVY, it dissolves into smoke.
It was a scroll of fog.
The wight closely misses you. The wight hits you with a +3 flail!
You die...

###......#.......#
, *
########.#####.# *
, #.#####.#
#....##.######.. ,
#..#.##........#
#..#..)[.......# *
#.....§z##.?.... *
##.####z# ##.## *
, #.# #@# * #..
*#§§.....# *...
§.§....## ** *, *
##......# * *
*#......# , ,
#..?...# , ,
#.###### , ~ #.# ,
~ *


You could see 2 wights.

Vanquished Creatures
  2 orc warriors
  A black bear (D:6)
  2 ogres (D:6)
  A phantom (D:6)
  A kobold brigand (D:6)
  A wyvern zombie (D:5)
  A scorpion (D:4)
  4 water moccasin zombies
  6 wights
  2 bullfrog zombies (D:5)
  3 orc priests
  3 jellies
  Jessica (D:3)
  A scorpion zombie (D:5)
  2 iguanas (D:4)
  2 orc wizards
  3 mummies
  3 adders
  4 gnolls (D:2)
  2 white imps
  7 adder zombies
  A worm (D:2)
  4 dart slugs
  21 orcs
  3 bats
  6 endoplasms
  6 giant cockroaches
  6 gnoll zombies (Ossuary)
  11 goblins
  8 hobgoblins
  7 jackals
  15 kobolds
  2 quokkas (D:4)
  6 ball pythons
  3 frilled lizards
  6 hobgoblin zombies (Ossuary)
  3 kobold zombies (Ossuary)
  3 orc zombies (Ossuary)
  4 rats
167 creatures vanquished.

Notes
Turn   | Place    | Note
-------+----------+-------------------------------------------
     0 | D:1      | Fama the Troll Berserker began the quest for the Orb.
     0 | D:1      | Reached XP level 1. HP: 22/22 MP: 0/0
    23 | D:1      | Found a faded altar of an unknown god.
    78 | D:1      | Reached XP level 2. HP: 29/29 MP: 1/1
   134 | D:1      | Reached skill level 3 in Maces & Flails
   744 | D:2      | Reached XP level 3. HP: 36/36 MP: 2/2
   878 | D:2      | Reached ** piety under Trog
   879 | D:2      | Reached skill level 3 in Fighting
   945 | D:2      | Reached skill level 3 in Dodging
   951 | D:2      | Reached XP level 4. HP: 39/45 MP: 3/3
  1756 | D:3      | Reached XP level 5. HP: 53/53 MP: 4/4
  1898 | D:3      | Noticed Jessica
  1905 | D:3      | Killed Jessica
  1968 | D:3      | Reached *** piety under Trog
  2304 | D:4      | Found an ancient bone altar of Kikubaaqudgha.
  2693 | D:4      | Reached XP level 6. HP: 56/62 MP: 5/5
  3008 | D:5      | Entered Level 5 of the Dungeon
  3077 | D:5      | Found a glowing silver altar of Zin.
  3173 | D:5      | Found a basalt altar of Yredelemnul.
  3219 | D:5      | Found a sand-covered staircase.
  3241 | Ossuary  | Entered an ossuary
  3303 | Ossuary  | Reached XP level 7. HP: 61/71 MP: 6/6
  3332 | Ossuary  | Reached **** piety under Trog
  3961 | D:5      | Reached XP level 8. HP: 72/80 MP: 7/7
  4067 | D:6      | Reached skill level 6 in Maces & Flails
  4121 | D:6      | Found a transporter.
  4138 | D:6      | Found a transporter.
  4216 | D:6      | Noticed asdu's ghost (novice OpWr)
  4274 | D:6      | Reached skill level 6 in Fighting
  4274 | D:6      | Reached skill level 6 in Dodging
  4400 | D:6      | Gained mutation: You have a pair of small antennae on your
                  | head. [potion of mutation]
  4400 | D:6      | Gained mutation: You passively map a small area around you.
                  | [potion of mutation]
  4400 | D:6      | Gained mutation: You are strong-willed. (Will+) [potion of
                  | mutation]
  4400 | D:6      | Gained mutation: You have sharp toenails. [potion of
                  | mutation]
  4401 | D:6      | Slain by a wight

Illustrated notes

Levels and vault maps discovered:
D:1:      tarquinn_simple_flora_water_e, layout_basic,
          ebering_ecumenical_altar_webs
D:2:      layout_loops_ring, serial_rivers, chequers_serial_rivers_micro_b,
          chequers_serial_rivers_large_b, chequers_serial_rivers_micro_d,
          chequers_serial_rivers_micro_d, chequers_serial_rivers_micro_a,
          chequers_serial_rivers_micro_b, minmay_heptomino_l4
D:3:      layout_rooms, uniq_jessica
D:4:      minmay_door_path, layout_loops_ring,
          nicolae_kikubaaqudgha_miasma_corner, minmay_increasing_density
D:5:      layout_basic, kennysheep_mini_moat, nicolae_yredelemnul_corpse_copse,
          gup_ossuary_entry_pyramid
D:6:      layout_loops_cross, gammafunk_ghost_hive, kennysheep_generic_room_14

Skill      XL: |  1  2  3  4  5  6  7  8 |
---------------+-------------------------+-----
Maces & Flails | 3 4 5 6 |  6.7
Fighting       | 3 4 5 6 |  6.2
Dodging        | 3 4 5 6 |  6.1

Action                     |  1- 3 |  4- 6 |  7- 9 || total
---------------------------+-------+-------+-------++-------
  Melee: Mace              |    75 |     4 |       ||    79
         Punch             |     1 |     3 |     6 ||    10
         Flail             |       |    88 |    87 ||   175
         Whip              |       |   174 |   138 ||   312
 Invoke: Berserk           |       |     3 |     4 ||     7
    Use: Scroll            |       |       |     3 ||     3
         Potion            |       |       |     1 ||     1
   Stab: Sleeping          |     1 |       |       ||     1
 Armour: Animal skin       |    39 |   130 |   104 ||   273
  Dodge: Dodged            |    48 |   216 |   150 ||   414

Table legend: (Time is in decaauts)
 A = Elapsed time spent in this place.
 B = Non-inter-level travel time spent in this place.
 C = Inter-level travel time spent in this place.
 D = Time resting spent in this place.
 E = Time spent auto-exploring this place.
 F = Levels seen in this place.
 G = Mean time per level.
                   A        B        C        D        E       F      G
               +--------+--------+--------+--------+--------+-----+--------+
         Total |   4470 |   4325 |    145 |    248 |   2947 |   7 |  638.6 |
       Dungeon |   4261 |   4116 |    145 |    243 |   2947 |   6 |  710.2 |
       Ossuary |    209 |    209 |      0 |      5 |      0 |   1 |  209.0 |
               +--------+--------+--------+--------+--------+-----+--------+

Top non-repeatable levels by time:
     D:2: 934 daAuts
     D:4: 873 daAuts
     D:5: 766 daAuts
     D:1: 682 daAuts
     D:3: 579 daAuts
     D:6: 425 daAuts
 Ossuary: 209 daAuts
